 Dungeon Crawl Stone Soup version 0.18.0-1-g0107ab7 (webtiles) character file.

3730 Corax22 the Spear-Bearer (level 10, 0/79 HPs)
             Began as a Merfolk Berserker on May 5, 2016.
             Was an Elder of Trog.
             Killed by vampiric draining
             ... invoked by a vampire
              (7 damage)
             ... on level 9 of the Dungeon.
             The game lasted 00:25:20 (8715 turns).

Corax22 the Spear-Bearer (Merfolk Berserker)        Turns: 8715, Time: 00:25:21

Health: 0/79       AC:  7    Str: 21    XL:     10   Next: 14%
Magic:  10/10      EV: 14    Int:  6    God:    Trog [****..]
Gold:   304        SH:  0    Dex: 14    Spells: 0 memorised, 9 levels left

rFire  + . .     SeeInvis .     Y - +0 spear
rCold  . . .     Gourm    .     a - +0 leather armour
rNeg   . . .     Faith    +     (no shield)
rPois  +         Spirit   .     (no helmet)
rElec  .         Dismiss  .     f - +0 cloak
rCorr  .         Reflect  .     M - +0 pair of gloves
SustAt .         Harm     .     F - +0 pair of boots
MR     ++...                    h - amulet of faith
Stlth  +.........               E - ring of poison resistance
                                b - ring of protection from fire

@: exhausted, regenerating, slowed, very slow, very resistant to hostile
enchantments, very unstealthy
A: change form in water, swift swim
a: Berserk, Trog's Hand, Brothers in Arms, Burn Spellbooks, Renounce Religion


You were on level 9 of the Dungeon.
You worshipped Trog.
Trog was greatly pleased with you.
You were near starving.

You visited 1 branch of the dungeon, and saw 9 of its levels.
You also visited: Ossuary.

You collected 304 gold pieces.

Inventory:

Hand Weapons
 Y - a +0 spear (weapon)
Armour
 a - a +0 leather armour (worn)
 f - a +0 cloak (worn)
 F - a +0 pair of boots (worn)
 M - a +0 pair of gloves (worn)
Jewellery
 b - a ring of protection from fire (left hand)
 d - an uncursed ring of ice
 h - an amulet of faith (around neck)
 E - a ring of poison resistance (right hand)
 I - an uncursed amulet of guardian spirit {unknown}
 R - an uncursed ring of positive energy {unknown}
 T - an uncursed amulet of dismissal {unknown}
Wands
 B - a wand of flame (2/48)
 J - a wand of lightning (11/15)
 K - a wand of iceblast (4/15)
 L - a wand of disintegration (5/24)
 O - a wand of lightning (6/15)
Scrolls
 e - a scroll of magic mapping {unknown}
 g - 5 scrolls of enchant weapon
 i - 5 scrolls of teleportation
 k - 5 scrolls of recharging {unknown}
 m - 5 scrolls of identify
 u - 3 scrolls of holy word {unknown}
 v - 4 scrolls of remove curse
 w - 5 scrolls of immolation {unknown}
 x - 3 scrolls of blinking {unknown}
 y - 3 scrolls of fear {unknown}
 D - 3 scrolls of random uselessness {unknown}
 N - a scroll of brand weapon {unknown}
 P - a scroll of enchant armour {unknown}
 S - 4 scrolls of amnesia {unknown}
 U - a scroll of noise {unknown}
Potions
 n - a potion of brilliance {unknown}
 o - a potion of berserk rage {unknown}
 p - 2 potions of flight {unknown}
 q - 2 potions of might {unknown}
 r - 5 potions of degeneration {unknown}
 s - 2 potions of lignification {unknown}
 t - 2 potions of resistance {unknown}
 z - a potion of mutation {unknown}
 A - a potion of heal wounds {unknown}
 C - 3 potions of cancellation {unknown}
 G - 2 potions of beneficial mutation {unknown}
 V - 2 potions of curing {unknown}
 W - a potion of ambrosia {unknown}
 X - a potion of magic {unknown}
Books
 H - a book of Frost

   Spells                             Type                      Level
   a - Freeze                         Ice                          1
   b - Throw Frost                    Conjuration/Ice              2
   c - Ozocubu's Armour               Charms/Ice                   3
   d - Throw Icicle                   Conjuration/Ice              4
   e - Summon Ice Beast               Ice/Summoning                4
   Trog disapproves of the use of such an item.
 Q - a book of Death

   Spells                             Type                      Level
   a - Corpse Rot                     Necromancy                   2
   b - Sublimation of Blood           Necromancy                   2
   c - Agony                          Necromancy                   5
   d - Dispel Undead                  Necromancy                   5
   e - Excruciating Wounds            Charms/Necromancy            5
   f - Bolt of Draining               Conjuration/Necromancy       5
   Trog disapproves of the use of such an item.
Comestibles
 c - 2 bread rations
 j - 4 fruits
 l - 9 meat rations


   Skills:
 + Level 7.3 Fighting
   Level 8.4(9.1) Axes
 * Level 9.2(12.5) Polearms
 - Level 4.1 Armour
 + Level 4.4 Dodging


You had 9 spell levels left.
You didn't know any spells.

Dungeon Overview and Level Annotations

Branches:
Dungeon (9/15)             Temple (0/1) D:4
   Lair: D:8-11         Orc: D:9-12

Altars:
Ashenzari
Cheibriados
Elyvilon
Kikubaaqudgha
Makhleb
Nemelex Xobeh
Okawaru
Pakellas
Qazlal
Xom
The Shining One

Shops:
D:7 ?


Message History

The vampire closely misses you. The vampire bites you.
The vampire draws strength from your injuries!
The vampire hits you.
* * * LOW HITPOINT WARNING * * *
The vampire bites you.
* * * LOW HITPOINT WARNING * * *
The vampire draws strength from your injuries!
You hit the vampire.
The vampire is moderately damaged.
The vampire hits you!
* * * LOW HITPOINT WARNING * * *
The vampire misses you.
Your skin crawls.
You feel resistant to hostile enchantments.
You are near starving!
The vampire hits you.
* * * LOW HITPOINT WARNING * * *
The vampire bites you but does no damage.
The vampire is infused with unholy energy.
You die...

##########
#.@.....<#
#V########
#........
#.#######
..# #.#
#.# #.#
#.#


You could see a vampire.

Vanquished Creatures
  Eustachio (D:5)
  A hungry ghost (D:7)
  2 orc warriors
  3 black bears
  An ice beast (D:6)
  A phantom (D:5)
  A sky beast (D:7)
  2 necrophages (D:8)
  6 ogres
  3 centaurs
  A big kobold (D:7)
  2 giant frogs (D:8)
  3 scorpions
  3 crimson imps
  A quasit (D:7)
  2 giant frog skeletons
  2 orc priests
  A hound (D:7)
  A jelly (D:8)
  A centaur skeleton (D:6)
  3 iguanas
  7 worker ants
  10 orc wizards
  A hound zombie (D:7)
  A hound skeleton (D:8)
  12 mummies (Ossuary)
  A worker ant zombie (D:8)
  A howler monkey zombie (D:6)
  4 gnolls (D:6)
  7 adders
  3 oozes
  An adder skeleton (D:4)
  A dart slug (D:4)
  5 giant geckos
  18 orcs
  10 giant cockroaches
  16 goblins
  4 hobgoblins
  4 jackals (D:5)
  6 quokkas
  A ball python (D:1)
  3 bats
  6 giant newts
  2 gnoll skeletons (Ossuary)
  4 goblin skeletons (Ossuary)
  2 jackal skeletons
  11 kobolds
  2 orc skeletons (Ossuary)
  5 rats
  11 rat skeletons (Ossuary)
200 creatures vanquished.

Vanquished Creatures (collateral kills)
  A hippogriff (D:7)
  A scorpion (D:7)
  2 orc wizards (D:7)
  2 orc priests (D:7)
  2 orcs (D:7)
8 creatures vanquished.

Vanquished Creatures (others)
  An ooze (D:1)
  A goblin (D:1)
  A quokka (D:8)
3 creatures vanquished.

Grand Total: 211 creatures vanquished

Notes
Turn   | Place    | Note
--------------------------------------------------------------
     0 | D:1      | Corax22 the Merfolk Berserker began the quest for the Orb.
     0 | D:1      | Reached XP level 1. HP: 18/18 MP: 1/1
   804 | D:1      | Reached XP level 2. HP: 24/24 MP: 2/2
  1616 | D:2      | Reached XP level 3. HP: 29/29 MP: 3/3
  1666 | D:2      | Found an iron altar of Okawaru.
  2027 | D:3      | Reached ** piety under Trog
  2093 | D:3      | Found a sparkling altar of Nemelex Xobeh.
  2183 | D:3      | Reached XP level 4. HP: 28/35 MP: 4/4
  2233 | D:3      | Found a shattered altar of Ashenzari.
  2338 | D:3      | Noticed an ogre
  2382 | D:3      | Killed an ogre
  2382 | D:3      | Reached skill level 5 in Axes
  2382 | D:3      | Reached XP level 5. HP: 41/41 MP: 5/5
  2746 | D:4      | Reached XP level 6. HP: 12/47 MP: 6/6
  3109 | D:4      | Found a glowing golden altar of the Shining One.
  3326 | D:4      | Found a staircase to the Ecumenical Temple.
  3825 | D:4      | Reached XP level 7. HP: 40/53 MP: 7/7
  3909 | D:5      | Entered Level 5 of the Dungeon
  3981 | D:5      | Noticed Eustachio
  4066 | D:5      | Killed Eustachio
  4185 | D:5      | Found a snail-covered altar of Cheibriados.
  4340 | D:5      | Reached XP level 8. HP: 61/61 MP: 8/8
  4536 | D:5      | Reached *** piety under Trog
  4817 | D:6      | Reached skill level 5 in Fighting
  5728 | D:7      | Found Raesuowk's Magic Scroll Shop.
  5778 | D:7      | Reached XP level 9. HP: 67/69 MP: 9/9
  6016 | D:7      | Reached **** piety under Trog
  6080 | D:7      | Found an ancient bone altar of Kikubaaqudgha.
  6201 | D:7      | Found a sand-covered staircase.
  6210 | Ossuary  | Entered an ossuary
  6778 | D:7      | Found a stormy altar of Qazlal.
  6895 | D:7      | Reached skill level 2 in Polearms
  6949 | D:7      | Reached skill level 3 in Polearms
  6951 | D:7      | Reached skill level 4 in Polearms
  7140 | D:7      | Reached skill level 5 in Polearms
  7275 | D:8      | Reached skill level 6 in Polearms
  7483 | D:8      | Reached skill level 7 in Polearms
  7607 | D:8      | Reached skill level 8 in Polearms
  7655 | D:8      | Found a white marble altar of Elyvilon.
  7707 | D:8      | Found a shimmering altar of Xom.
  7708 | D:8      | Found a shimmering altar of Xom.
  7725 | D:8      | Found a shimmering altar of Xom.
  7767 | D:8      | Reached XP level 10. HP: 66/77 MP: 10/10
  8003 | D:8      | Found an oddly glowing altar of Pakellas.
  8041 | D:8      | Found a burning altar of Makhleb.
  8191 | D:8      | Reached skill level 9 in Polearms
  8715 | D:9      | Killed from afar by a vampire

Skill      XL: |  1  2  3  4  5  6  7  8  9 10 |
---------------+-------------------------------+-----
Axes           | 3 4 5 6 8 |  8.4
Armour         | 2 3 4 |  4.1
Fighting       | 4 6 7 |  7.3
Dodging        | 3 4 |  4.4
Polearms       | 8 9 |  9.2

Action                   |  1- 3 |  4- 6 |  7- 9 | 10-12 || total
-------------------------+-------+-------+-------+-------++-------
Melee: Hand axe          |   132 |   164 |   552 |       ||   848
       Spear             |       |       |   170 |   100 ||   270
Invok: Berserk           |       |     2 |     8 |     1 ||    11
       Trog's Hand       |       |     2 |     4 |     1 ||     7
       Burn Spellbooks   |       |       |     1 |       ||     1
       Brothers in Arms  |       |       |     1 |       ||     1
  Use: Scroll            |     2 |       |     2 |       ||     4
 Stab: Sleeping          |     1 |       |     1 |       ||     2
  Eat: Chunk             |     4 |     6 |    13 |     3 ||    26
       Pizza             |       |     1 |       |       ||     1
       Bread ration      |       |       |     2 |       ||     2
       Meat ration       |       |       |     3 |       ||     3
       Fruit             |       |       |     2 |       ||     2
Armor: Animal skin       |     1 |       |       |       ||     1
       Ring mail         |    10 |       |       |       ||    10
       Scale mail        |    26 |    66 |    84 |       ||   176
       Plate armour      |       |       |   296 |       ||   296
       Leather armour    |       |       |     9 |    12 ||    21
Dodge: Dodged            |    84 |    75 |   275 |    34 ||   468
